 Dungeon Crawl Stone Soup version 0.26.0-10-g1f06aea511 (webtiles) character file.

Game seed: 7432054674261784895

27 dolemite99 the Insei (level 2, -1/21 HPs)
             Began as a Demonspawn Transmuter on Jan 14, 2021.
             Slain by a jackal (2 damage)
             ... on level 2 of the Dungeon.
             The game lasted 00:01:42 (2256 turns).

dolemite99 the Insei (Demonspawn Transmuter)        Turns: 2256, Time: 00:01:43

Health: -1/21      AC:  4    Str:  9 (10) XL:     2   Next: 93%
Magic:  4/5        EV: 11    Int: 12 (14) God:
Gold:   49         SH:  0    Dex: 12 (13) Spells: 2/5 levels left

rFire    + . .     SeeInvis .     - Unarmed
rCold    + . .     Faith    .   (no shield)
rNeg     . . .     Spirit   .   g - +1 leather armour {rPois}
rPois    +         Reflect  .   (helmet currently unavailable)
rElec    +         Harm     .   (no cloak)
rCorr    +         Rampage  .   (no gloves)
Will     .....                  (boots currently unavailable)
Stlth    +.........             (no amulet)
HPRegen  0.07/turn              (no ring)
MPRegen  0.09/turn              (no ring)

@: appendages (expiring), resistant
A: horns 2, talons 2, miasma immunity
a: End Transformation


You were on level 2 of the Dungeon.
You had grown temporary horns.
You had grown temporary talons.
You visited 1 branch of the dungeon, and saw 3 of its levels.

You collected 49 gold pieces.

Inventory:

Missiles
 k - 41 stones
 m - 14 sling bullets
Armour
 a - a +0 robe
 g - a +1 leather armour of poison resistance (worn)
 l - a +0 ring mail
Jewellery
 h - an uncursed ring of resist corrosion {unknown}
Scrolls
 b - 3 scrolls of remove curse {unknown}
 c - a scroll of amnesia {unknown}
 d - 3 scrolls of identify {unknown}
 e - 2 scrolls of enchant armour {unknown}
 f - 2 scrolls of magic mapping {unknown}
 i - a scroll of noise {unknown}
Potions
 n - a potion of might {unknown}
 o - a potion of resistance


   Skills:
 - Level 1.0 Fighting
 - Level 1.7 Dodging
 + Level 3.2 Unarmed Combat
 - Level 2.0 Spellcasting
 + Level 2.5 Transmutations


You had 2 spell levels left.
You knew the following spells:

 Your Spells              Type           Power        Failure   Level
a - Beastly Appendage     Tmut           14%          14%         1
b - Wereblood             Tmut           7%           21%         2

Your spell library contained the following spells:

 Spells                   Type           Power        Failure   Level
 Spider Form              Tmut/Pois      2%           56%         3
 Ice Form                 Ice/Tmut       4%           92%         4
 Blade Hands              Tmut           3%           98%         5


Dungeon Overview and Level Annotations

Branches:
Dungeon (3/15)

Altars:


Innate Abilities, Weirdness & Mutations

You are immune to miasma.
You have a pair of horns on your head.
You have razor-sharp toenails.


Message History

The orc closely misses you.
You hit the orc. Your kick misses the orc.
The orc is almost dead.
The jackal completely misses you. The jackal barely misses you.
You closely miss the orc. Your kick misses the orc. You headbutt the orc.
You kill the orc!
The jackal closely misses you.
You miss the jackal. Your kick misses the jackal.
The jackal completely misses you. The orc hits you with a +0 club.
* * * LOW HITPOINT WARNING * * *
It was a potion of resistance.
You feel protected.
Your transformation is almost over.
The jackal bites you but does no damage.
The orc barely misses you. The jackal bites you.
* * * LOW HITPOINT WARNING * * *
It was a potion of degeneration.
There was something very wrong with that liquid.
You feel weakened.
You feel dopey.
You feel clumsy. The jackal bites you.
You die...

.># . #..###
.. ..... ...
#... ##..
#..# #....
#..#
#.<...####..#
.......h@ol.#
#.#...####..#
#.... ##.#
###. #.# ..
#.# ## #.#
#.# #<# #.#


You could see an orc, a jackal and a frilled lizard.

Vanquished Creatures
  A worm (D:2)
  A dart slug (D:1)
  A leopard gecko (D:1)
  An orc (D:2)
  A bat (D:1)
  A giant cockroach (D:1)
  2 goblins (D:1)
  2 hobgoblins (D:1)
  3 jackals (D:2)
  3 frilled lizards
  A kobold (D:1)
  2 rats (D:1)
19 creatures vanquished.

Vanquished Creatures (others)
  A plant (D:3)
1 creature vanquished.

Grand Total: 20 creatures vanquished

Notes
Turn   | Place    | Note
-------+----------+-------------------------------------------
     0 | D:1      | dolemite99 the Demonspawn Transmuter began the quest for
                  | the Orb.
     0 | D:1      | Reached XP level 1. HP: 15/15 MP: 3/3
   430 | D:1      | Reached skill level 3 in Unarmed Combat
   435 | D:1      | Gained mutation: You are immune to miasma. [demonic
                  | ancestry]
   435 | D:1      | Reached XP level 2. HP: 12/21 MP: 3/5
  1805 | D:2      | Learned a level 2 spell: Wereblood
  2255 | D:2      | HP: 1/21 [jackal (3)]
  2256 | D:2      | Slain by a jackal

Illustrated notes

Levels and vault maps discovered:
D:1:      kilobyte_arrival_exit_the_forest, layout_basic, minmay_strange_pillars
D:2:      layout_loops_ring, amcnicky_mini_pool_small, wad_floor_pattern_2
D:3:      kennysheep_goblin_castle, layout_rooms, minitemple, fedhas_altar_3,
          chequers_temple_overflow_statue_of_worship, portal_sewer_entry_e

Skill      XL: |  1 |
---------------+----+-----
Transmutations | 2 |  2.5
Unarmed Combat | 3 |  3.2
Fighting       | |  1.0
Dodging        | |  1.7
Spellcasting   | |  2.0

Action                   || total
-------------------------++-------
Melee: Unarmed           ||    62
       Kick              ||     6
       Headbutt          ||     4
 Cast: Beastly Appendage ||     9
  Use: Potion            ||     2
Armor: Leather armour    ||    20
       Robe              ||     2
Dodge: Dodged            ||    57
